 Dungeon Crawl Stone Soup version 0.31-a0-182-gc5ef74bbde (webtiles) character file.

Game seed: 8789974863118748474

294 qw the Chopper (level 6, -3/38 HPs)
             Began as a Gargoyle Fighter on June 21, 2023.
             Slain by a gnoll
             ... wielding a +0 spear
             ... led by a gnoll bouda
              (6 damage)
             ... on level 4 of the Dungeon.
             The game lasted 00:01:45 (3214 turns).

qw the Chopper (Gargoyle Fighter)                   Turns: 3214, Time: 00:01:45

Health: -3/38      AC: 15    Str: 22    XL:     6   Next: 33%
Magic:  6/6        EV:  6    Int:  8    God:
Gold:   163        SH:  4    Dex:  9    Spells: 5/5 levels left

rFire   . . .        Y - +0 war axe
rCold   . . .        c - +0 buckler
rNeg    + . .        g - +0 plate armour
rPois   inf          (no helmet)
rElec   +            (no cloak)
rCorr   .            (no gloves)
SInv    .            (no boots)
Will    .....        (no amulet) Stlth
                     (no ring)
HPRegen 0.26/turn    (no ring)
MPRegen 0.10/turn

%: no passive effects
@: no status effects
A: sickness immunity, AC +4, negative energy resistance 1, electricity
resistance, torment resistance 1, petrification resistance
a: no special abilities


You were on level 4 of the Dungeon.
You visited 1 branch of the dungeon, and saw 4 of its levels.

You collected 163 gold pieces.


Innate Abilities, Weirdness & Mutations

You are immune to sickness and miasma.
Your stone body is resilient. (AC +4)
You are immune to poison.
You resist negative energy. (rN+)
You are resistant to electric shocks. (rElec)
You are resistant to unholy torment.
You are immune to petrification.


   Skills:
 - Level 4.1 Fighting
 + Level 5.4 Axes
 - Level 3.2 Armour
 - Level 0.3 Dodging
 - Level 3.2 Shields


You had 5 spell levels left.
You didn't know any spells.
Your spell library was empty.

Inventory:

Hand Weapons
 a - a +0 club
 Y - a +0 war axe (weapon)
Missiles
 l - 5 boomerangs
Armour
 c - a +0 buckler (worn)
 g - a +0 plate armour (worn)
Jewellery
 j - a +6 ring of intelligence
 k - an amulet of reflection
Scrolls
 h - a scroll of identify {unknown}
Potions
 b - a potion of ambrosia {unknown}
 d - a potion of might
 e - a potion of magic {unknown}
 f - a potion of curing {unknown}
 i - a potion of mutation {unknown}

Dungeon Overview and Level Annotations

Branches:
Dungeon (4/15)
 Temple: D:4-7

Altars:

Annotations:
D:2 1 runed translucent door, Crazy Yiuf


Message History

You block the gnoll's attack. The gnoll hits you but does no damage.
You hit the gnoll bouda.
The gnoll bouda is moderately wounded.
The gnoll bouda hits you with a +0 whip!
The gnoll completely misses you. The gnoll hits you but does no damage.
You slash the gnoll bouda!
The gnoll bouda is severely wounded.
You block the gnoll bouda's attack. The gnoll barely misses you.
The gnoll hits you from afar with a +0 halberd!
The gnoll bouda barks out a call to the hunt!
The gnolls pick up the pace!
The gnoll hits you from afar with a +0 halberd!
The gnoll hits you but does no damage.
You barely miss the gnoll bouda.
The gnoll bouda is severely wounded.
The gnoll bouda completely misses you. You block the gnoll's attack. x2
You slash the gnoll bouda!
You kill the gnoll bouda!
The gnoll hits you but does no damage. You block the gnoll's attack.
The gnoll hits you with a +0 halberd. The gnoll hits you with a +0 spear.
You block the gnoll's attack.
There is an open door here.
Enter note:
Enter note:
Enter note:
Enter note:
Enter note:
Enter note: You slash the gnoll!
The gnoll is severely wounded.
You slash the gnoll!
The gnoll barely misses you. x2; You block the gnoll's attack.
The gnoll hits you with a +0 spear. The gnoll barely misses you.
You block the gnoll's attack.
You slash the gnoll!
You kill the gnoll!
You hit the gnoll.
You kill the gnoll!
The gnoll hits you from afar with a +0 spear.
You die...

#.......#.......#.......###.####
+.......####%####.......+.#.# #
#.......#.......#.......#...####
#...:..##.......##......###..##.
#......+.........+......#...)...
###...##.........##...###...###.
#+#.#...........#.#+#.....# #/
#####......)### #.....%.# ##
#+#...#@# ..##...<.# #
#####))...# #.....# # g.#####
#....(# # #..# ###.#.# # ....
#.#.# # ..... #.#.# # #...>
#...# ###### ...## ####


You could see a gnoll (swift).

Vanquished Creatures
  Sigmund (D:3)
  A gnoll bouda (D:4)
  2 gnolls (D:4)
  7 adders
  3 worms
  An orc (D:3)
  6 bats
  2 endoplasms
  2 goblins
  5 hobgoblins
  5 kobolds
  2 quokkas
  2 ball pythons (D:2)
  A frilled lizard (D:1)
  2 rats
42 creatures vanquished.

Notes
Turn   | Place    | Note
-------+----------+-------------------------------------------
     0 | D:1      | qw the Gargoyle Fighter began the quest for the Orb.
     0 | D:1      | Reached XP level 1. HP: 14/14 MP: 1/1
     0 | D:1      | 0 ||| qw: Version: 0.3-a-9-g12657ce
     0 | D:1      | 0 ||| qw: Game counter: 1597
     0 | D:1      | 0 ||| qw: Always use a shield: true
     0 | D:1      | 0 ||| qw: God list: Okawaru
     0 | D:1      | 0 ||| qw: Allow faded altars: false
     0 | D:1      | 0 ||| qw: Do Orc after D:15 true
     0 | D:1      | 0 ||| qw: Do second Lair branch before Depths: true
     0 | D:1      | 0 ||| qw: Lair rune preference: random
     0 | D:1      | 0 ||| qw: Plans: Normal, Zot:1-4, Slime:5, God:TSO, Crypt,
                  | Tomb, Abyss, Pan, Hells, Win
     0 | D:1      | 0 ||| PLANNING D:1-11
    61 | D:1      | Reached skill level 2 in Axes
   196 | D:1      | Reached XP level 2. HP: 19/19 MP: 2/2
   488 | D:1      | 488 ||| READING scroll labelled HIM NIDU FIUCU.
   489 | D:1      | 489 ||| READING scroll labelled HIBAAD PIPH.
   898 | D:2      | Found a runed translucent door.
   899 | D:2      | Noticed Crazy Yiuf
   941 | D:2      | Reached skill level 3 in Axes
   971 | D:2      | Found a faded altar of an unknown god.
  1055 | D:2      | 1055 ||| Stepping ~*~*~tactically~*~*~ (hiding).
  1281 | D:2      | 1281 ||| Stepping ~*~*~tactically~*~*~ (stealth).
  1287 | D:2      | Reached XP level 3. HP: 18/23 MP: 3/3
  1288 | D:2      | 1288 ||| FLEEEEING.
  1289 | D:2      | 1289 ||| FLEEEEING.
  1290 | D:2      | 1290 ||| FLEEEEING.
  1291 | D:2      | 1291 ||| FLEEEEING.
  1295 | D:2      | 1295 ||| FLEEEEING.
  1296 | D:2      | 1296 ||| FLEEEEING.
  1297 | D:2      | 1297 ||| FLEEEEING.
  1937 | D:2      | 1937 ||| Stepping randomly (stuck).
  1973 | D:3      | Noticed Sigmund
  1986 | D:3      | HP: 5/23 [Sigmund/+6 antimagic scythe (9)]
  1987 | D:3      | Killed Sigmund
  1988 | D:3      | Reached skill level 5 in Axes
  1988 | D:3      | Reached XP level 4. HP: 7/28 MP: 0/4
  1988 | D:3      | Reached XP level 5. HP: 8/32 MP: 0/5
  2487 | D:3      | Reached XP level 6. HP: 38/38 MP: 6/6
  2908 | D:3      | 2908 ||| UPGRADING to +0 plate armour.
  2918 | D:3      | 2918 ||| DROPPING +0 scale mail.
  2919 | D:3      | 2919 ||| READING scroll labelled WENALE FOTOAXA.
  2987 | D:4      | 2987 ||| Stepping ~*~*~tactically~*~*~ (hiding).
  2988 | D:4      | 2988 ||| Stepping ~*~*~tactically~*~*~ (hiding).
  2991 | D:4      | 2991 ||| Stepping ~*~*~tactically~*~*~ (hiding).
  3206 | D:4      | 3206 ||| Stepping ~*~*~tactically~*~*~ (stealth).
  3212 | D:4      | HP: 7/38 [gnoll/+0 halberd[a gnoll bouda] (5)]
  3213 | D:4      | HP: 3/38 [gnoll/+0 spear[a gnoll bouda] (3)]
  3214 | D:4      | Slain by a gnoll

Levels and vault maps discovered:
D:1:      tarquinn_simple_flora_water_f, layout_rooms
D:2:      layout_basic, dreamdust_ecumenical_altar_hidden_monk_grotto,
          uniq_crazy_yiuf_cottage
D:3:      layout_loops_corners, nicolae_half_adder, uniq_sigmund
D:4:      nicolae_cairo_tiling_very_big, layout_rooms, st_stairs_14,
          corexii_leaking_fountain

Skill      XL: |  1  2  3  4  5  6 |
---------------+-------------------+-----
Axes           | 2 3 5 |  5.4
Fighting       | 4 |  4.1
Armour         | |  3.2
Dodging        | |  0.3
Shields        | |  3.2

Action                     |  1- 3 |  4- 6 || total
---------------------------+-------+-------++-------
  Melee: War axe           |    86 |    70 ||   156
    Use: Scroll            |     2 |     1 ||     3
 Armour: Scale mail        |    48 |    21 ||    69
         Plate armour      |       |     9 ||     9
  Dodge: Dodged            |    54 |    36 ||    90
  Block: Buckler           |    13 |    16 ||    29

Table legend:
 A = Non-vault XP
 B = Vault XP
 C = Vault XP percentage of total XP
 D = Non-vault monster count
 E = Vault monster count
 F = Vault count percentage of total count
                 A         B        C        D         E       F
            +---------+---------+-------+---------+---------+-------
      Total |     170 |     278 |  62.1 |      37 |       5 |  11.9
            +---------+---------+-------+---------+---------+-------
        D:1 |      14 |       0 |   0.0 |       8 |       0 |   0.0
        D:2 |      24 |       0 |   0.0 |      13 |       0 |   0.0
        D:3 |      33 |     278 |  89.4 |       9 |       5 |  35.7
        D:4 |      99 |       0 |   0.0 |       7 |       0 |   0.0
            +---------+---------+-------+---------+---------+-------
